 Dungeon Crawl Stone Soup version 0.23.2-30-g0e89c35649 (webtiles) character file.

Game seed: 4016519657824518793

11565 Mrkan the Party-goer (level 12, -2/97 HPs)
             Began as a Human Fighter on June 23, 2019.
             Was a Follower of Uskayaw.
             Slain by a troll (12 damage)
             ... on level 9 of the Dungeon on June 24, 2019.
             The game lasted 00:31:32 (10136 turns).

Mrkan the Party-goer (Human Fighter)               Turns: 10136, Time: 00:31:34

Health: -2/97      AC: 18    Str: 20    XL:     12   Next: 9%
Magic:  19/19      EV:  4    Int: 17    God:    Uskayaw [*.....]
Gold:   505        SH: 11    Dex:  9    Spells: 11/11 levels left

rFire    . . .     SeeInvis +   j - +2 war axe (freeze)
rCold    + . .     Gourm    .   c - +0 shield
rNeg     . . .     Faith    +   l - +0 plate armour
rPois    .         Spirit   .   B - +2 helmet "Xotail" {Int+7 Dex-4 Stlth+}
rElec    .         Reflect  .   i - +2 cloak
rCorr    .         Harm     .   (no gloves)
MR       .....                  t - +0 pair of boots
Stlth    ..........             r - amulet of faith
HPRegen  0.26/turn              b - ring of see invisible
MPRegen  0.16/turn              N - ring of protection from cold

@: no status effects
A: no striking features
a: Stomp, Renounce Religion


You were on level 9 of the Dungeon.
You worshipped Uskayaw.
Uskayaw was aware of your devotion.
You were near starving.

You visited 1 branch of the dungeon, and saw 9 of its levels.
You also visited: Ossuary.

You collected 505 gold pieces.

Inventory:

Hand Weapons
 j - a +2 war axe of freezing (weapon)
 m - a +1 antimagic war axe
Armour
 c - a +0 shield (worn)
 i - a +2 cloak (worn)
 l - a +0 plate armour (worn)
 s - a +1 helmet
 t - a +0 pair of boots (worn)
 z - a +0 troll leather armour
 B - the +2 helmet "Xotail" (worn) {Int+7 Dex-4 Stlth+}
   (You found it on level 5 of the Dungeon)

   It affects your intelligence (+7).
   It affects your dexterity (-4).
   It makes you more stealthy.
Magical Staves
 y - an uncursed staff of fire
Jewellery
 b - a ring of see invisible (left hand)
 r - an amulet of faith (around neck)
 H - an uncursed ring of fire
 N - a ring of protection from cold (right hand)
Wands
 n - a wand of paralysis (11)
 o - a wand of scattershot (10)
 w - a wand of polymorph (5)
 L - a wand of random effects (7)
 M - a wand of iceblast (7)
Scrolls
 a - a scroll of noise {unknown}
 d - 2 scrolls of blinking
 e - 3 scrolls of enchant armour
 h - 4 scrolls of remove curse
 q - a scroll of identify
 u - 2 scrolls of random uselessness {unknown}
 D - a scroll of enchant weapon
 F - a scroll of amnesia {unknown}
 G - a scroll of immolation
Potions
 k - a potion of agility
 p - 3 potions of haste
 v - 2 potions of flight
 x - 3 potions of magic
 C - a potion of lignification
 I - 2 potions of cancellation
Miscellaneous
 K - a lamp of fire
Comestibles
 f - 9 rations


   Skills:
 + Level 9.7 Fighting
 - Level 9.2 Axes
 - Level 3.0 Armour
 + Level 9.7 Shields
 * Level 10.5 Invocations


You had 11 spell levels left.
You didn't know any spells.
Your spell library contained the following spells:

 Spells                   Type           Power        Failure   Level  Hunger
 Infusion                 Chrm           #...         100%        1    ##.....
 Sting                    Conj/Pois      #...         100%        1    ##.....
 Passwall                 Tmut/Erth      #.......     100%        2    ###....
 Poisonous Vapours        Pois/Air       #.....       100%        2    ###....
 Shroud of Golubria       Chrm/Tloc      #.........   100%        2    ###....
 Song of Slaying          Chrm           #.......     100%        2    ###....
 Swiftness                Chrm/Air       #.......     100%        2    ###....
 Gell's Gravitas          Tloc           #.........   100%        3    ####...
 Ignite Poison            Fire/Tmut/Pois #.......     100%        3    ####...
 Mephitic Cloud           Conj/Pois/Air  #.......     100%        3    ####...
 Regeneration             Chrm/Necr      #.........   100%        3    ####...
 Spectral Weapon          Hex/Chrm       #.......     100%        3    ####...
 Olgreb's Toxic Radiance  Pois           #.......     100%        4    #####..
 Passage of Golubria      Tloc           N/A          100%        4    #####..
 Fireball                 Conj/Fire      #.........   100%        5    ######.
 Lee's Rapid Deconstruct  Erth           #.........   100%        5    ######.
 Venom Bolt               Conj/Pois      #.........   100%        5    ######.
 Bolt of Fire             Conj/Fire      #.........   100%        6    #######
 Darkness                 Hex            #.........   100%        6    #######
 Invisibility             Hex            #.......     100%        6    #######
 Statue Form              Tmut/Erth      #........    100%        6    #######
 Ring of Flames           Chrm/Fire      #.........   100%        7    #######
 Ignition                 Fire           #.........   100%        8    #######


Dungeon Overview and Level Annotations

Branches:
Dungeon (9/15)             Temple (0/1) D:7            Lair (0/6) D:9
    Orc: D:9-12

Altars:
Ashenzari
Dithmenos
Elyvilon
Hepliaklqana
Makhleb
Okawaru
Qazlal
Uskayaw
Vehumet
Xom
Yredelemnul
Zin
The Shining One

Shops:
D:5 :   D:6 ::}:   D:7 (

Annotations:
D:5 exclusion: statue
D:7 3 runed translucent doors, Masnef's ghost, novice FoEn


Message History

The troll bites you.
* * * LOW HITPOINT WARNING * * *
The troll claws you but does no damage. You block the troll's attack.
You slash the troll! You freeze the troll.
The troll is moderately wounded.
The troll bites you but does no damage. The troll claws you.
* * * LOW HITPOINT WARNING * * *
The troll barely misses you.
Your shield and plate armour prevent you from hitting the troll.
The troll is moderately wounded.
The troll bites you.
* * * LOW HITPOINT WARNING * * *
You block the troll's attack. x2
You closely miss the troll.
The troll is moderately wounded.
The troll bites you!
* * * LOW HITPOINT WARNING * * *
You block the troll's attack. The troll claws you but does no damage.
The troll bites you!
You die...

.#.##......#
####.......#############
...#...................#
._.#######.............#
...#......###..#######.#
##'##.....###..#######.#
.#..##.................#
.#...##................#
.#....##..##....@T.....#
.#.....##.##...#######.#
.#......####...# #.#
.#.......# #...#######.#
####.#######...........#
.....................(.#
.......###############(#
.......# #.# .......#
#.#


You could see a troll.

Vanquished Creatures
  Harold (D:8)
  A centaur warrior (D:7)
  A two-headed ogre (D:9)
  A yaktaur (D:7)
  A kobold demonologist (D:7)
  9 trolls
  Grinder (D:5)
  A hippogriff (D:7)
  Sigmund (D:4)
  4 wraiths
  A human (D:7)
  3 yaks (D:9)
  4 hogs (D:7)
  A hungry ghost (D:4)
  Menkaure (D:6)
  Edmund (D:6)
  2 water moccasins
  An orc warrior (D:8)
  3 sky beasts
  An ice beast (D:5)
  4 ogres
  A phantom (D:7)
  A necrophage (D:9)
  3 centaurs
  A big kobold (D:7)
  An elf zombie (D:9)
  5 bullfrogs
  A wyvern zombie (D:7)
  A water moccasin skeleton (D:5)
  3 scorpions
  5 killer bees (D:7)
  13 wights
  3 howler monkeys
  2 crimson imps
  A bullfrog zombie (D:9)
  A quasit (D:7)
  6 hounds
  2 jellies
  9 orc wizards
  3 orc priests
  2 bullfrog skeletons
  2 centaur skeletons
  5 human zombies (D:9)
  7 iguanas
  Terence (D:3)
  3 worker ants
  A mummy (D:9)
  5 gnolls
  8 adders
  A shadow imp (D:9)
  2 oozes
  3 adder skeletons
  2 dart slugs (D:1)
  3 leopard geckos
  34 orcs
  A ball python (D:2)
  6 bats
  3 giant cockroaches
  6 goblins
  4 hobgoblins
  18 jackals
  3 quokkas
  3 ball python skeletons (Ossuary)
  4 frilled lizards
  A giant cockroach zombie (D:5)
  2 hobgoblin skeletons (Ossuary)
  2 hobgoblin zombies (Ossuary)
  7 kobolds
  A leopard gecko skeleton (D:5)
  An orc zombie (Ossuary)
  5 rats
251 creatures vanquished.

Notes
Turn   | Place    | Note
-------+----------+-------------------------------------------
     0 | D:1      | Mrkan the Human Fighter began the quest for the Orb.
     0 | D:1      | Reached XP level 1. HP: 18/18 MP: 1/1
   237 | D:1      | Reached XP level 2. HP: 21/24 MP: 2/2
   601 | D:1      | Reached XP level 3. HP: 29/29 MP: 3/3
   733 | D:2      | Found a glowing silver altar of Zin.
  1129 | D:2      | Reached XP level 4. HP: 31/35 MP: 4/4
  1167 | D:2      | Found a stormy altar of Qazlal.
  1531 | D:2      | Found a white marble altar of Elyvilon.
  1748 | D:3      | Reached XP level 5. HP: 39/42 MP: 5/5
  1895 | D:3      | Found a shimmering altar of Xom.
  1942 | D:3      | Reached XP level 6. HP: 26/48 MP: 6/6
  1956 | D:3      | Found a glowing golden altar of the Shining One.
  2010 | D:3      | Noticed Terence
  2025 | D:3      | Killed Terence
  2276 | D:4      | HP: 1/48 [orc wizard/magic dart (3)]
  2278 | D:4      | Reached skill level 5 in Axes
  2390 | D:4      | Reached XP level 7. HP: 30/55 MP: 7/7
  2673 | D:4      | Noticed a hungry ghost
  2747 | D:4      | Killed a hungry ghost
  2898 | D:4      | Reached skill level 5 in Fighting
  2903 | D:4      | Reached skill level 5 in Shields
  2954 | D:4      | Reached XP level 8. HP: 54/62 MP: 8/8
  3096 | D:4      | Noticed Sigmund
  3127 | D:4      | Killed Sigmund
  3208 | D:5      | Entered Level 5 of the Dungeon
  3264 | D:5      | Noticed Grinder
  3266 | D:5      | Found Keilyf's Book Emporium.
  3576 | D:5      | Paralysed by Grinder for 7 turns
  3599 | D:5      | Killed Grinder
  3654 | D:5      | Found a burning altar of Makhleb.
  3708 | D:5      | Found a radiant altar of Vehumet.
  3776 | D:5      | Reached XP level 9. HP: 41/69 MP: 3/9
  3786 | D:5      | Found a sand-covered staircase.
  3795 | Ossuary  | Entered an ossuary
  4191 | D:5      | Found a hide-covered altar of Uskayaw.
  4228 | D:5      | Became a worshipper of Uskayaw the Reveler
  4253 | D:5      | Reached * piety under Uskayaw
  4347 | D:5      | Reached ** piety under Uskayaw
  4352 | D:5      | Reached *** piety under Uskayaw
  4354 | D:5      | Reached **** piety under Uskayaw
  4358 | D:5      | Reached skill level 1 in Invocations
  4588 | D:5      | Got a faintly glowing helmet
  4589 | D:5      | Identified the +2 helmet "Xotail" {Int+7 Dex-4 Stlth+} (You
                  | found it on level 5 of the Dungeon)
  4751 | D:6      | Found Wifieti's Gadget Boutique.
  4792 | D:6      | You fall through a shaft!
  5025 | D:7      | Reached skill level 2 in Invocations
  5138 | D:7      | Found Ogesee's Antique Weapon Shoppe.
  5205 | D:7      | Noticed a hippogriff
  5231 | D:6      | Reached XP level 10. HP: 25/79 MP: 3/11
  5372 | D:6      | Found Caross's Book Emporium.
  5388 | D:6      | Noticed Edmund
  5410 | D:6      | Killed Edmund
  5410 | D:6      | Reached skill level 3 in Invocations
  5618 | D:6      | Reached skill level 4 in Invocations
  5647 | D:6      | Found Ediff's Book Emporium.
  5753 | D:6      | Noticed Menkaure
  5772 | D:6      | Killed Menkaure
  6027 | D:6      | Found Udubbe Lukly's Book Shoppe.
  6197 | D:6      | Found a hazy altar of Hepliaklqana.
  6246 | D:7      | Reached skill level 5 in Invocations
  6357 | D:7      | Noticed a centaur warrior
  6375 | D:7      | Killed a centaur warrior
  6375 | D:7      | Reached skill level 6 in Invocations
  6376 | D:7      | Noticed a yaktaur
  6386 | D:7      | Killed a yaktaur
  6389 | D:7      | Noticed a kobold demonologist
  6396 | D:7      | Noticed an ice devil
  6407 | D:7      | Killed a kobold demonologist
  6416 | D:7      | Identified the Incunabulum of Shape Shifting and
                  | Orientation
  6467 | D:7      | Reached skill level 7 in Invocations
  6617 | D:7      | Reached XP level 11. HP: 77/87 MP: 5/16
  6692 | D:7      | Found a staircase to the Ecumenical Temple.
  6692 | D:7      | Noticed Masnef's ghost (novice FoEn)
  6814 | D:7      | Reached skill level 8 in Invocations
  6814 | D:7      | Reached ***** piety under Uskayaw
  6862 | D:7      | Found a runed translucent gate.
  6862 | D:7      | Found a runed translucent gate.
  6864 | D:7      | Found a runed translucent gate.
  7175 | D:8      | Noticed Harold
  7204 | D:8      | Killed Harold
  7205 | D:8      | Found an iron altar of Okawaru.
  7813 | D:8      | Reached skill level 9 in Invocations
  7961 | D:9      | Found a staircase to the Lair.
  8001 | D:9      | Found a shadowy altar of Dithmenos.
  8331 | D:9      | Found a shattered altar of Ashenzari.
  8787 | D:9      | Found a basalt altar of Yredelemnul.
  9024 | D:9      | Noticed an iron troll
  9825 | D:9      | Reached skill level 10 in Invocations
  9916 | D:9      | Reached XP level 12. HP: 11/96 MP: 19/19
  9938 | D:9      | Noticed a two-headed ogre
 10058 | D:9      | Killed a two-headed ogre
 10136 | D:9      | Slain by a troll

Skill      XL: |  1  2  3  4  5  6  7  8  9 10 11 |
---------------+----------------------------------+-----
Axes           | 3 4 5 6 7 9 |  9.2
Fighting       | 4 5 6 7 8 9 |  9.7
Shields        | 4 5 7 8 9 |  9.7
Invocations    | 2 7 10 | 10.5
Armour         | |  3.0

Action                   |  1- 3 |  4- 6 |  7- 9 | 10-12 || total
-------------------------+-------+-------+-------+-------++-------
Melee: War axe           |   134 |   148 |   355 |   521 ||  1158
Invok: Stomp             |       |       |     3 |     7 ||    10
Evoke: Wand              |       |       |       |    10 ||    10
  Use: Potion            |     1 |     2 |     6 |     8 ||    17
       Scroll            |       |     6 |     4 |     7 ||    17
 Stab: Paralysed         |       |       |     6 |    45 ||    51
  Eat: Chunk             |     1 |     4 |     4 |     6 ||    15
       Ration            |       |       |     4 |     3 ||     7
Armor: Scale mail        |    37 |       |       |       ||    37
       Plate armour      |    90 |   107 |   261 |   302 ||   760
Dodge: Dodged            |    36 |    15 |    39 |    88 ||   178
Block: Shield            |    91 |    77 |   194 |   261 ||   623
